 Dungeon Crawl Stone Soup version 0.21-a0-450-gd87a9b2 (webtiles) character file.

17089 Dorkslayer the Cleaver (level 12, 0/73 HPs)
             Began as a Gargoyle Fighter on Nov 18, 2017.
             Was an Elder of the Shining One.
             Killed from afar by an orc wizard (10 damage)
             ... with an exploding inner flame
             ... hexed by the player character
             ... on level 1 of the Orcish Mines.
             The game lasted 00:38:09 (9474 turns).

Dorkslayer the Cleaver (Gargoyle Fighter)           Turns: 9474, Time: 00:38:09

Health: 0/73       AC: 26    Str: 26    XL:     12   Next: 44%
Magic:  17/17      EV:  7    Int: 11    God:    the Shining One [****..]
Gold:   700        SH: 20    Dex: 12    Spells: 11/11 levels left

rFire    . . .     SeeInvis .   a - +1 war axe
rCold    . . .     Gourm    .   c - +0 shield
rNeg     + + +     Faith    .   D - +0 plate armour
rPois    ∞         Spirit   .   e - +0 hat
rElec    +         Reflect  .   s - +2 cloak {+Inv}
rCorr    .         Harm     +   (no gloves)
MR       .....                  x - +0 pair of boots (curse)
Stlth    ..........             p - amulet of harm
HPRegen  0.22/turn              o - +3 ring of slaying
MPRegen  0.15/turn              H - +6 ring of strength

@: divine shield, glowing
A: negative energy resistance 1, electricity resistance, unbreathing,
petrification resistance, rot immunity, AC +8
a: Divine Shield, Cleansing Flame, Renounce Religion, Evoke Invisibility


You were on level 1 of the Orcish Mines.
You worshipped the Shining One.
The Shining One was greatly pleased with you.
You were hungry.

You visited 3 branches of the dungeon, and saw 13 of its levels.
You also visited: Sewer.

You collected 700 gold pieces.

Inventory:

Hand Weapons
 a - a +1 war axe (weapon)
Missiles
 q - 2 tomahawks (quivered)
 I - a javelin
Armour
 c - a +0 shield (worn)
 e - a +0 hat (worn)
 s - a +2 cloak of invisibility (worn)
 x - a cursed +0 pair of boots (worn)
 D - a +0 plate armour (worn)
Jewellery
 o - a +3 ring of slaying (left hand)
 p - an amulet of harm (around neck)
 E - an uncursed ring of protection from magic
 H - a +6 ring of strength (right hand)
Wands
 t - a wand of polymorph (0/24)
Scrolls
 g - a scroll of enchant armour
 h - 3 scrolls of enchant weapon
 j - a scroll of fear
 k - 2 scrolls of fog
 r - 2 scrolls of magic mapping
 w - 8 scrolls of remove curse
 F - 2 scrolls of immolation
 J - 4 scrolls of teleportation
Potions
 b - a potion of curing
 n - a potion of flight
 v - a potion of degeneration {unknown}
 A - 3 potions of cancellation
 C - a potion of ambrosia
Miscellaneous
 y - a phial of floods (inert)
Comestibles
 f - 9 bread rations
 i - 3 meat rations
 l - 5 fruits
 z - 15 royal jellies
 G - 11 chunks of flesh


   Skills:
 + Level 7.8 Fighting
 + Level 11.1 Axes
 * Level 5.8 Throwing
 + Level 7.4 Armour
 + Level 3.0 Dodging
 + Level 9.0 Shields
 * Level 6.7 Invocations
 + Level 4.7 Evocations


You had 11 spell levels left.
You didn't know any spells.

Dungeon Overview and Level Annotations

Branches:
Dungeon (11/15)            Temple (1/1) D:6            Lair (0/6) D:9
    Orc (1/2) D:11

Altars:
Ashenzari
Cheibriados
Dithmenos
Elyvilon
Fedhas
Gozag
Hepliaklqana
Kikubaaqudgha
Makhleb
Nemelex Xobeh
Okawaru
Qazlal
Ru
Sif Muna
Trog
Uskayaw
Vehumet
Wu Jian
Xom
Yredelemnul
Zin
The Shining One

Shops:
D:9 :[:(   D:10 :


Innate Abilities, Weirdness & Mutations

You are resistant to torment.
Your stone body is resilient. (AC +8)
You are immune to poison.
You resist negative energy. (rN+)
You are resistant to electric shocks. (rElec)
You can survive without breathing.
You are immune to petrification.
You are immune to rotting.


Message History

You hit the orc warrior. You slash the orc warrior!
You kill the orc warrior!
You hit the orc.
The orc wizard miscasts a cantrip.
The orc warrior hits you but does no damage.
You block the orc warrior's attack.
The orc warrior throws a tomahawk.
You block the tomahawk.
As you read the scroll of immolation, it crumbles to dust.
The creatures around you are filled with an inner flame!
The orc shouts!
You block the orc's attack.
The orc wizard points at you and mumbles some strange words.
You block the puff of flame.
Unknown command.
You hit the orc.
The orc explodes!
The fiery explosion engulfs the orc wizard.
The orc wizard explodes!
The fiery explosion engulfs you!
You die...

##....#.#.#...#.........
###.#.................$
####....o........$.$.
.#...o......#.......
....o.oOo.. .....
.....o.o..##......
....oo#oo.........
#..$..ooo$$..#..#.
#..§@o....#...$ ##
##..§§§o...o....
##.##...§§oo........
##....#..$.$........o
#...........#........
##.#.......##.....#..
#..............##.
#...#$.............
##..#####.........#


You could see 4 orc warriors, an ogre (inner flame), 3 orc priests, 3 orc
wizards and 9 orcs.

Vanquished Creatures
  Gastronok (D:8)
  4 two-headed ogres
  3 death yaks (D:9)
  Pikel (D:6)
  The ghost of yaymichael the Slinger, a novice HaHu of Elyvilon (D:7)
  A centaur zombie (D:11)
  3 trolls (D:11)
  A queen bee (D:10)
  Prince Ribbit (D:8)
  A hippogriff (D:10)
  Sigmund (D:3)
  A shadow (D:11)
  A wyvern (D:10)
  4 yaks (D:9)
  4 hogs (D:7)
  A human (D:7)
  Grum (D:11)
  A steam dragon (D:9)
  A porcupine (D:9)
  Purgy (Sewer)
  3 ice beasts
  4 sky beasts
  2 black bears
  5 orc warriors
  A slave (D:6)
  3 ogres
  2 necrophages
  6 phantoms
  3 wolves (D:11)
  2 centaurs
  5 bullfrogs
  A wyvern skeleton (D:11)
  A scorpion (D:5)
  19 killer bees (D:10)
  3 wights (D:6)
  3 howler monkeys
  7 crimson imps
  2 bullfrog zombies
  2 quasits
  A jelly (D:7)
  7 hounds
  14 orc wizards
  Crazy Yiuf (D:2)
  6 orc priests
  3 bullfrog skeletons
  3 centaur skeletons
  A hell rat (D:9)
  Jessica (D:3)
  Natasha (thrice) (D:2)
  3 iguanas
  9 worker ants
  2 killer bee zombies
  3 hound zombies
  A hound skeleton (D:8)
  A worker ant zombie (D:8)
  12 adders
  A river rat (D:9)
  A shadow imp (D:5)
  An ooze (D:3)
  An adder skeleton (D:5)
  3 worms
  7 leopard geckos
  37 orcs
  7 ball pythons
  7 giant cockroaches
  7 hobgoblins
  26 jackals
  5 kobolds
  4 quokkas
  9 bats
  7 frilled lizards
  3 goblins
  A leopard gecko skeleton (D:4)
  14 rats
  5 plants (D:3)
324 creatures vanquished.

Vanquished Creatures (collateral kills)
  An ogre (D:9)
1 creature vanquished.

Vanquished Creatures (others)
  A wizard (D:4)
  An adder zombie (D:6)
  A quokka (D:6)
3 creatures vanquished.

Grand Total: 328 creatures vanquished

Notes
Turn   | Place    | Note
-------+----------+-------------------------------------------
     0 | D:1      | Dorkslayer the Gargoyle Fighter began the quest for the Orb.
     0 | D:1      | Reached XP level 1. HP: 14/14 MP: 1/1
   171 | D:1      | Reached XP level 2. HP: 19/19 MP: 2/2
   677 | D:1      | Found a hazy altar of Hepliaklqana.
   679 | D:1      | Found a burning altar of Makhleb.
   679 | D:1      | Found an ornate altar of the Wu Jian Council.
   684 | D:1      | Found a basalt altar of Yredelemnul.
   684 | D:1      | Found a shimmering altar of Xom.
   684 | D:1      | Found an ancient bone altar of Kikubaaqudgha.
   862 | D:1      | Reached skill level 2 in Axes
   862 | D:1      | Reached XP level 3. HP: 23/23 MP: 3/3
  1199 | D:2      | Noticed Natasha
  1206 | D:2      | Killed Natasha
  1206 | D:2      | Reached skill level 1 in Dodging
  1454 | D:2      | Found a runed door.
  1458 | D:2      | Noticed Crazy Yiuf
  1464 | D:2      | Killed Crazy Yiuf
  1464 | D:2      | Reached XP level 4. HP: 28/28 MP: 4/4
  1695 | D:2      | Noticed Natasha
  1700 | D:2      | Killed Natasha
  1700 | D:2      | Reached XP level 5. HP: 32/32 MP: 5/5
  1763 | D:2      | Noticed Natasha
  1766 | D:2      | Killed Natasha
  2113 | D:3      | Reached skill level 3 in Axes
  2185 | D:3      | Reached XP level 6. HP: 32/38 MP: 6/6
  2256 | D:3      | Noticed Jessica
  2267 | D:3      | Killed Jessica
  2361 | D:3      | Noticed Sigmund
  2392 | D:3      | Killed Sigmund
  2392 | D:3      | Reached skill level 4 in Axes
  2392 | D:3      | Reached skill level 1 in Evocations
  2491 | D:3      | Reached XP level 7. HP: 43/43 MP: 7/7
  2979 | D:4      | Found a glowing drain.
  3000 | Sewer    | Entered a sewer
  3080 | Sewer    | Noticed Purgy
  3087 | Sewer    | Killed Purgy
  3368 | D:4      | Found a bloodstained altar of Trog.
  3373 | D:4      | Noticed a wizard
  3375 | D:4      | Killed a wizard
  3633 | D:4      | Reached skill level 1 in Throwing
  3823 | D:5      | Entered Level 5 of the Dungeon
  4088 | D:5      | Reached skill level 5 in Shields
  4110 | D:5      | Reached skill level 5 in Axes
  4110 | D:5      | Reached XP level 8. HP: 44/48 MP: 9/9
  4800 | D:6      | Found a staircase to the Ecumenical Temple.
  4838 | D:6      | Reached skill level 6 in Axes
  4845 | D:6      | Reached skill level 5 in Armour
  4892 | D:6      | Found a snail-covered altar of Cheibriados.
  4944 | D:6      | Noticed Pikel
  4961 | D:6      | Killed Pikel
  4961 | D:6      | Reached skill level 5 in Fighting
  4961 | D:6      | Reached XP level 9. HP: 51/54 MP: 11/11
  5094 | D:6      | Reached skill level 7 in Axes
  5290 | Temple   | Entered the Ecumenical Temple
  5338 | Temple   | Became a worshipper of the Shining One
  5491 | D:7      | Noticed yaymichael's ghost (novice HaHu)
  5495 | D:7      | Found a burning altar of Makhleb.
  5505 | D:7      | Killed yaymichael's ghost
  5505 | D:7      | Reached skill level 1 in Invocations
  5505 | D:7      | Reached XP level 10. HP: 60/60 MP: 13/13
  5803 | D:7      | Reached skill level 8 in Axes
  5989 | D:8      | Noticed Gastronok
  6001 | D:8      | Killed Gastronok
  6026 | D:8      | Reached * piety under the Shining One
  6286 | D:8      | Reached skill level 9 in Axes
  6728 | D:8      | Noticed Prince Ribbit
  6731 | D:8      | Killed Prince Ribbit
  6731 | D:8      | Reached XP level 11. HP: 66/66 MP: 14/14
  7311 | D:9      | Found Luobellu's Antique Weapon Shop.
  7368 | D:9      | Reached ** piety under the Shining One
  7453 | D:9      | Found Hostraoc's Armour Shoppe.
  7462 | D:9      | Found Zoiza's Book Shop.
  7553 | D:9      | Found Yzexupt's Book Shoppe.
  7560 | D:9      | Noticed a death yak
  7560 | D:9      | Found a staircase to the Lair.
  7560 | D:9      | Noticed a death yak
  7560 | D:9      | Noticed a death yak
  7576 | D:9      | Killed a death yak
  7585 | D:9      | HP: 2/66 [death yak (13)]
  7588 | D:9      | Killed a death yak
  7588 | D:9      | Reached skill level 5 in Invocations
  7594 | D:9      | Killed a death yak
  7594 | D:9      | Reached skill level 10 in Axes
  7637 | D:9      | HP: 3/67 [porcupine (4)]
  7638 | D:9      | The Shining One protects you from harm!
  7647 | D:9      | Found a blossoming altar of Fedhas.
  8075 | D:10     | Entered Level 10 of the Dungeon
  8186 | D:10     | Noticed a two-headed ogre
  8194 | D:10     | Killed a two-headed ogre
  8445 | D:10     | Found Civox's Book Boutique.
  8469 | D:10     | Noticed a two-headed ogre
  8475 | D:10     | Killed a two-headed ogre
  8502 | D:10     | Noticed a two-headed ogre
  8509 | D:10     | Killed a two-headed ogre
  8509 | D:10     | Reached skill level 5 in Throwing
  8601 | D:10     | Reached XP level 12. HP: 72/72 MP: 16/16
  8854 | D:11     | Reached *** piety under the Shining One
  8917 | D:11     | Found a staircase to the Orcish Mines.
  8917 | D:11     | Noticed a two-headed ogre
  8926 | D:11     | Killed a two-headed ogre
  8951 | D:11     | Noticed a five-headed hydra
  9075 | D:11     | Reached skill level 11 in Axes
  9169 | D:11     | Noticed Grum
  9177 | D:11     | Killed Grum
  9436 | Orc:1    | Entered Level 1 of the Orcish Mines
  9436 | Orc:1    | Reached **** piety under the Shining One
  9474 | Orc:1    | Killed from afar by an orc wizard

Vault maps used:
D:1:      dpeg_arrival_rooms_b, doesnt_xom_only_xom
D:2:      uniq_crazy_yiuf_cottage, uniq_natasha
D:3:      first_bread, serial_bayou_lagoon_a, uniq_sigmund, uniq_jessica
D:4:      portal_sewer_entry_f, trog_wizard
D:6:      lemuel_coloured_pillars_altar, temple_fountains, uniq_pikel
D:7:      grunt_livestock, minivault_19, st_stairs_10, minivault_22,
          kennysheep_diamond
D:8:      minmay_misc_feat_tower, uniq_prince_ribbit1, uniq_gastronok
D:9:      dpeg_lair_monsters, serial_shops, shop, kennysheep_mini, shop,
          shop_fountains, fedhas_altar_1
D:10:     serial_shops, nicolae_shop_trees, special_room
D:11:     orc_0_dummy, uniq_grum
Temple:   kilobyte_greek_temple
Orc:1:    led_sif_book
Sewer:    sewer_co_purgy_island

Skill      XL: |  1  2  3  4  5  6  7  8  9 10 11 12 |
---------------+-------------------------------------+-----
Axes           | 2 3 4 5 6 7 9 10 11 | 11.1
Dodging        | 1 2 3 |  3.0
Shields        | 4 5 6 7 8 9 |  9.0
Armour         | 4 5 6 7 |  7.4
Fighting       | 4 5 6 7 |  7.8
Evocations     | 1 2 3 4 |  4.7
Throwing       | 1 2 3 5 |  5.8
Invocations    | 1 4 6 |  6.7

Action                   |  1- 3 |  4- 6 |  7- 9 | 10-12 || total
-------------------------+-------+-------+-------+-------++-------
Melee: War axe           |   158 |    90 |   318 |   461 ||  1027
       Unarmed           |       |     4 |       |       ||     4
Throw: Javelin           |     7 |     7 |    10 |     3 ||    27
       Throwing net      |       |       |     5 |     2 ||     7
       Tomahawk          |       |       |       |    17 ||    17
Invok: Divine Shield     |       |       |       |     1 ||     1
Evoke: Phial of floods   |       |       |       |     1 ||     1
  Use: Scroll            |       |     2 |     6 |    20 ||    28
       Potion            |       |     1 |     5 |     6 ||    12
 Stab: Held in net/web   |       |       |     1 |       ||     1
  Eat: Chunk             |     2 |     4 |    10 |    13 ||    29
Armor: Scale mail        |   103 |    19 |       |       ||   122
       Chain mail        |       |    50 |   165 |       ||   215
       Plate armour      |       |       |     8 |   260 ||   268
Dodge: Dodged            |    62 |    47 |    68 |   119 ||   296
Block: Shield            |    83 |    51 |   142 |   299 ||   575

Table legend:
 A = Spawn XP
 B = Non-spawn XP
 C = Spawn XP percentage of total XP
 D = Spawn monster count
 E = Non-spawn monster count
 F = Spawn count percentage of total count
 G = Total turns spent on level
                    A         B        C        D         E        F      G
               +---------+---------+-------+---------+---------+-------+---------
         Total |       0 |   24413 |   0.0 |       0 |     319 |   0.0 |  9474
               +---------+---------+-------+---------+---------+-------+---------
           D:1 |       0 |      35 |   0.0 |       0 |      23 |   0.0 |  1195
           D:2 |       0 |     191 |   0.0 |       0 |      21 |   0.0 |   794
           D:3 |       0 |     421 |   0.0 |       0 |      26 |   0.0 |   977
           D:4 |       0 |     135 |   0.0 |       0 |      16 |   0.0 |   615
           D:5 |       0 |     862 |   0.0 |       0 |      25 |   0.0 |   960
           D:6 |       0 |    2093 |   0.0 |       0 |      33 |   0.0 |   513
           D:7 |       0 |    1958 |   0.0 |       0 |      15 |   0.0 |   601
           D:8 |       0 |    3793 |   0.0 |       0 |      34 |   0.0 |  1082
           D:9 |       0 |    4550 |   0.0 |       0 |      27 |   0.0 |  1008
          D:10 |       0 |    5464 |   0.0 |       0 |      45 |   0.0 |   726
          D:11 |       0 |    4513 |   0.0 |       0 |      39 |   0.0 |   635
         Orc:1 |       0 |     255 |   0.0 |       0 |       7 |   0.0 |    38
         Sewer |       0 |     143 |   0.0 |       0 |       8 |   0.0 |   242
               +---------+---------+-------+---------+---------+-------+---------
